 Dungeon Crawl Stone Soup version 0.29.1-15-g9cfb28693d (webtiles) character file.

Game seed: 11878850700594898738

17192 fleeber the Carver (level 12, 0/141 HPs)
             Began as a Merfolk Gladiator on Feb 27, 2023.
             Was a Believer of Qazlal.
             Slain by a 13-headed hydra (5 damage)
             ... on level 2 of the Lair of Beasts on Feb 28, 2023.
             The game lasted 01:12:52 (16528 turns).

fleeber the Carver (Merfolk Gladiator)             Turns: 16528, Time: 01:12:53

Health: 0/141      AC: 26    Str: 14    XL:     12   Next: 45%
Magic:  18/18      EV:  2    Int:  8    God:    Qazlal [**....]
Gold:   631        SH: 15    Dex: 20    Spells: 15/19 levels left

rFire   + . .      SeeInvis .   J - +11 falchion "Ywkyd" {vorpal, rElec Will+ rCorr}
rCold   . . .      Faith    .   q - +0 kite shield
rNeg    . . .      Spirit   .   (body armour currently unavailable)
rPois   +          Reflect  .   (helmet currently unavailable)
rElec   +          Harm     .   (cloak currently unavailable)
rCorr   +          Rampage  .   (gloves currently unavailable)
Will    +....      NoTele   +   (boots currently unavailable)
Stlth   +.........              (no amulet)
HPRegen 0.33/turn               v - ring of protection from fire
MPRegen 0.16/turn               b - ring of wizardry

@: tree-form
A: stationary, stasis, torment immunity, boosted hp, (nimble swimmer 2),
(mertail)
a: Renounce Religion, Upheaval


You were on level 2 of the Lair of Beasts.
You worshipped Qazlal.
Qazlal was pleased with you.
You were a tree.
You visited 3 branches of the dungeon, and saw 17 of its levels.
You also visited: Sewer.

You collected 631 gold pieces.

Inventory:

Hand Weapons
 w - the +9 long sword of Jyedaklirch {pain, Drain rF+ Int+6 Dex+4}
   (You found it on level 3 of the Dungeon)

   In the hands of one skilled in necromantic magic, it inflicts extra damage on
   living creatures.
   Int:       It affects your intelligence (+6).
   Dex:       It affects your dexterity (+4).
   rF:        It protects you from fire.
   Drain:     It drains your maximum health when unequipped.
 J - the +11 falchion "Ywkyd" (weapon) {vorpal, rElec Will+ rCorr}
   (You found it on level 6 of the Dungeon)

   It inflicts extra damage upon your enemies.
   rElec:     It insulates you from electricity.
   rCorr:     It protects you from acid and corrosion.
   Will:      It increases your willpower.
Missiles
 d - 4 throwing nets
 e - a javelin
 i - 94 stones
 p - 38 poisoned darts
 y - 3 silver boomerangs
 B - 5 silver javelins (quivered)
Armour
 c - a +0 helmet (melded)
 q - a +0 kite shield (worn)
 x - a +2 scale mail of willpower (melded)
 G - a +0 pair of boots (melded)
 W - a +0 cloak (melded)
Jewellery
 b - a ring of wizardry (right branch)
 v - a ring of protection from fire (left branch)
 C - a ring of see invisible
Wands
 E - a wand of flame (3)
 H - a wand of iceblast (24)
 M - a wand of mindburst (9)
 U - a wand of quicksilver (4)
 X - a wand of paralysis (2)
Scrolls
 a - 4 scrolls of summoning {unknown}
 f - 6 scrolls of amnesia
 h - 4 scrolls of teleportation
 k - 2 scrolls of enchant weapon
 m - 3 scrolls of magic mapping
 r - 3 scrolls of vulnerability
 s - a scroll of torment {unknown}
 u - 3 scrolls of immolation
 A - 2 scrolls of brand weapon
 D - 2 scrolls of butterflies {unknown}
 L - a scroll of noise {unknown}
 N - a scroll of enchant armour {unknown}
 P - 2 scrolls of poison {unknown}
 T - a scroll of silence {unknown}
 Z - a scroll of blinking {unknown}
Potions
 g - 4 potions of attraction
 j - a potion of haste
 l - 4 potions of magic
 n - 2 potions of resistance
 o - 8 potions of flight
 t - 3 potions of lignification
 z - 3 potions of mutation
 F - 3 potions of heal wounds {unknown}
 K - a potion of ambrosia {unknown}
 O - 3 potions of berserk rage
 Q - a potion of cancellation {unknown}
 R - 2 potions of might {unknown}
 S - 5 potions of brilliance {unknown}
 Y - 2 potions of curing
Miscellaneous
 V - a phial of floods


   Skills:
 + Level 8.7 Fighting
 - Level 14.0 Long Blades
 - Level 2.5 Throwing
 + Level 10.8 Dodging
 + Level 7.6 Shields
 - Level 4.0 Spellcasting
 + Level 5.1 Translocations
 + Level 7.7 Transmutations
 - Level 1.2 Evocations


You had 15 spell levels left.
You knew the following spells:

 Your Spells              Type           Power      Damage    Failure   Level
a - Wereblood             Tmut           14%        N/A       1%          2
e - Blink                 Tloc           18%        N/A       6%          2

Your spell library contained the following spells:

 Spells                   Type           Power      Damage    Failure   Level
 Static Discharge         Conj/Air       1%         3-4/arc   38%         2
 Sublimation of Blood     Necr           1%         N/A       38%         2
 Ice Form                 Ice/Tmut       7%         N/A       50%         4
 Manifold Assault         Tloc           9%         N/A       65%         5
 Alistair's Intoxication  Tmut/Pois      4%         N/A       82%         5
 Hailstorm                Conj/Ice       1%         3d3       94%         4
 Olgreb's Toxic Radiance  Pois           1%         N/A       94%         4
 Summon Forest            Summ/Tloc      2%         N/A       94%         5
 Borgnjor's Vile Clutch   Necr/Erth      0%         N/A       100%        5
 Freezing Cloud           Conj/Ice/Air   0%         6-21      100%        5
 Iskenderun's Battlesphe  Conj           1%         2d6       100%        5
 Lightning Bolt           Conj/Air       0%         1d11      100%        5
 Summon Mana Viper        Hex/Summ       1%         N/A       100%        5
 Eringya's Noxious Bog    Tmut/Pois      3%         N/A       100%        6
 Iron Shot                Conj/Erth      0%         9d1       100%        6
 Simulacrum               Ice/Necr       0%         N/A       100%        6
 Summon Cactus Giant      Summ           0%         N/A       100%        6
 Ozocubu's Refrigeration  Ice            0%         4d7       100%        7
 Spellforged Servitor     Conj/Summ      0%         N/A       100%        7
 Storm Form               Tmut/Air       3%         N/A       100%        7
 Summon Hydra             Summ           0%         N/A       100%        7
 Ignition                 Fire           0%         3d3       100%        8
 Maxwell's Capacitive Co  Air            0%         ∞         100%        8
 Polar Vortex             Ice            0%         N/A       100%        9


Dungeon Overview and Level Annotations

Branches:
Dungeon (14/15)            Temple (1/1) D:7            Lair (2/5) D:10
    Orc (0/2) D:10          Sewer (visited)
  Swamp: Lair:2-3    Shoals: Lair:2-3     Snake: Lair:2-3    Spider: Lair:2-3
 Vaults: D:13-14

Altars:
Ashenzari
Cheibriados
Dithmenos
Elyvilon
Fedhas
Gozag
Hepliaklqana
Kikubaaqudgha
Makhleb
Nemelex Xobeh
Okawaru
Qazlal
Ru
Sif Muna
Trog
Uskayaw
Vehumet
Wu Jian
Xom
Yredelemnul
Zin
The Shining One

Shops:
D:1 (   D:3 *   D:5 *   D:6 :   D:7 (   D:12 [

Portals:
Trove: D:10 (give +3 storm dragon scales)

Annotations:
D:5 exclusion: downstairs
D:6 exclusion: downstairs
D:7 exclusion: downstairs
D:10 exclusion: downstairs
Lair:1 2 runed translucent doors, bnorton916's ghost, journeyman DEFE


Innate Abilities, Weirdness & Mutations

You are a tree.
Your roots penetrate the ground, keeping you stationary.
You cannot be teleported.
You are immune to unholy pain and torment.
Your maximum health is greatly increased.
Your equipment is partially melded.
((You are very nimble when in or above water. (Stealth+, EV+, Speed+++)))
((Your lower body shifts to a powerful aquatic tail in water.))


Message History

Your +0 pair of boots melds into your body.
Your +2 scale mail of willpower melds into your body.
You feel less strong-willed.
Your roots penetrate the ground.
You block the wolf's attack. The ten-headed hydra bites you!
* * * LOW HITPOINT WARNING * * *
The ten-headed hydra bites you but does no damage.
The ten-headed hydra bites you!
* * * LOW HITPOINT WARNING * * *
You block the ten-headed hydra's attack.
The ten-headed hydra bites you but does no damage. x2
You block the ten-headed hydra's attack.
The ten-headed hydra bites you but does no damage. x3
You lop one of the ten-headed hydra's heads off!
The nine-headed hydra grows two more!
You slash the 11-headed hydra!
The 11-headed hydra is almost dead.
The wolf bites you.
* * * LOW HITPOINT WARNING * * *
The 11-headed hydra bites you but does no damage.
You block the 11-headed hydra's attack.
The 11-headed hydra bites you but does no damage. x5
You block the 11-headed hydra's attack.
The 11-headed hydra bites you but does no damage. x2
You block the 11-headed hydra's attack. The wolf bites you but does no damage.
You slice one of the 11-headed hydra's heads off!
The ten-headed hydra grows two more!
You hit the 12-headed hydra.
The 12-headed hydra is severely wounded.
You block the bullfrog's attack. You block the wolf's attack.
The bullfrog hits you but does no damage.
You lop one of the 12-headed hydra's heads off!
The 11-headed hydra grows two more!
You slash the 13-headed hydra!
The 13-headed hydra is severely wounded.
You block the wolf's attack.
You block the 13-headed hydra's attack. x2
The 13-headed hydra bites you but does no damage. x2
You block the 13-headed hydra's attack. The 13-headed hydra bites you.
* * * LOW HITPOINT WARNING * * *
The 13-headed hydra bites you!
* * * LOW HITPOINT WARNING * * *
The 13-headed hydra bites you but does no damage.
The 13-headed hydra bites you.
You die...

P.. .. ##.# #...
#.###..####
###...........
...........FD#### #
...........h♣...##.#
.............§......
....................
#................###
#...........#####
##..........#.#
##......<...####
#.......÷...###
.....###......##


You could see a 13-headed hydra, a wolf and a bullfrog.

Vanquished Creatures
  2 two-headed ogres
  3 death yaks
  Amaemon (Lair:1)
  A deep elf pyromancer (D:9)
  An ugly thing (D:11)
  2 manticores (D:11)
  A black mamba (Lair:2)
  Joseph (D:7)
  2 cane toads (Lair:2)
  2 komodo dragons (Lair:1)
  An orange demon (Lair:1)
  Psyche (D:7)
  A freezing wraith (D:10)
  A tengu conjurer (D:10)
  2 trolls (D:11)
  3 slime creatures (D:9)
  A wraith (D:11)
  A vampire (D:11)
  17 yaks
  2 wyverns
  A steam dragon (D:8)
  2 vampire mosquitoes (D:11)
  Grum (Lair:1)
  Edmund (D:5)
  3 acid dragons
  Pargi (Sewer)
  3 water moccasins
  A black bear (D:5)
  4 orc warriors
  An ogre (D:5)
  4 wolves (Lair:1)
  2 sky beasts
  2 centaurs
  A phantom (D:7)
  9 bullfrogs
  3 kobold brigands
  4 scorpions
  3 necrophages (D:7)
  Dowan (D:6)
  5 killer bees (D:8)
  5 howler monkeys
  A crimson imp (D:4)
  6 orc priests
  A gnoll bouda (D:5)
  4 hounds
  A jelly (D:6)
  3 iguanas
  14 orc wizards
  6 gnolls
  7 adders
  A white imp (D:5)
  4 ufetubi
  A dart slug (D:1)
  30 orcs
  8 bats
  5 endoplasms
  4 giant cockroaches
  9 goblins
  7 hobgoblins
  10 jackals
  A quokka (D:5)
  7 ball pythons
  6 frilled lizards
  3 goblin skeletons (D:4)
  2 goblin zombies (D:4)
  5 hobgoblin zombies (D:4)
  18 kobolds
  An orc skeleton (D:4)
  11 rats
  A butterfly (Lair:1)
280 creatures vanquished.

Vanquished Creatures (others)
  2 fungi (Lair:2)
  7 plants
9 creatures vanquished.

Grand Total: 289 creatures vanquished

Notes
Turn   | Place    | Note
-------+----------+-------------------------------------------
     0 | D:1      | fleeber the Merfolk Gladiator began the quest for the Orb.
     0 | D:1      | Reached XP level 1. HP: 16/16 MP: 1/1
    63 | D:1      | Reached skill level 4 in Long Blades
   146 | D:1      | Found a faded altar of an unknown god.
   180 | D:1      | Reached XP level 2. HP: 22/22 MP: 2/2
   357 | D:1      | Found Zieg's Antique Weapon Shop.
   710 | D:2      | Reached skill level 5 in Long Blades
   710 | D:2      | Reached XP level 3. HP: 27/27 MP: 3/3
  1073 | D:2      | Found a radiant altar of Vehumet.
  1149 | D:2      | Reached XP level 4. HP: 33/33 MP: 4/4
  1646 | D:3      | Found Iderug's General Store.
  1672 | D:3      | Reached skill level 6 in Long Blades
  2269 | D:3      | Reached XP level 5. HP: 38/38 MP: 5/5
  2276 | D:3      | Identified the +9 long sword of Jyedaklirch {pain, Drain
                  | rF+ Int+6 Dex+4}
  2419 | D:3      | Noticed a kobold brigand
  2535 | D:3      | Killed a kobold brigand
  2536 | D:3      | Reached skill level 7 in Long Blades
  2695 | D:4      | Reached skill level 8 in Long Blades
  2695 | D:4      | Reached XP level 6. HP: 39/44 MP: 6/6
  2783 | D:4      | Found a glowing golden altar of the Shining One.
  3347 | D:4      | Reached skill level 9 in Long Blades
  3492 | D:4      | Reached XP level 7. HP: 50/50 MP: 7/7
  3736 | D:5      | Entered Level 5 of the Dungeon
  3766 | D:5      | Found a glowing drain.
  3779 | Sewer    | Entered a sewer
  3807 | Sewer    | Noticed Pargi
  3812 | Sewer    | Killed Pargi
  4231 | D:5      | Found Plog's General Store.
  4250 | D:5      | Reached skill level 10 in Long Blades
  4781 | D:5      | Reached skill level 11 in Long Blades
  4784 | D:5      | Reached XP level 8. HP: 55/56 MP: 8/8
  5368 | D:6      | Noticed Edmund
  5370 | D:6      | Noticed Dowan
  5373 | D:6      | Noticed Duvessa
  5378 | D:5      | Killed Edmund
  5379 | D:5      | Reached skill level 12 in Long Blades
  5577 | D:6      | Noticed Duvessa
  5577 | D:6      | Duvessa changed into Duvessa the bullfrog
  5586 | D:6      | Killed Duvessa the bullfrog
  5589 | D:6      | Killed Dowan
  5676 | D:6      | Found Jaluthir's Book Shoppe.
  5698 | D:6      | Found a blossoming altar of Fedhas.
  5752 | D:6      | Learned a level 2 spell: Wereblood
  5796 | D:6      | Reached skill level 13 in Long Blades
  5828 | D:6      | Identified the +11 falchion "Ywkyd" {vorpal, rElec Will+
                  | rCorr}
  6166 | D:6      | Reached XP level 9. HP: 34/61 MP: 9/9
  6328 | D:7      | Noticed Joseph
  6648 | D:7      | Reached skill level 14 in Long Blades
  6901 | D:7      | Killed Joseph
  6902 | D:7      | Reached skill level 1 in Shields
  6902 | D:7      | Reached skill level 1 in Spellcasting
  6902 | D:7      | Reached skill level 1 in Transmutations
  6902 | D:7      | Reached skill level 1 in Evocations
  7434 | D:7      | Found Zesaaguf's Weapon Shop.
  7528 | D:7      | Found a staircase to the Ecumenical Temple.
  7552 | Temple   | Entered the Ecumenical Temple
  7691 | Temple   | Became a worshipper of Qazlal Stormbringer
  8492 | D:8      | Noticed a two-headed ogre
  8514 | D:8      | Noticed Psyche
  8530 | D:7      | Killed Psyche
  8531 | D:7      | Reached skill level 5 in Dodging
  8605 | D:8      | Killed a two-headed ogre
  8606 | D:8      | Reached XP level 10. HP: 71/71 MP: 11/14
  9106 | D:8      | Learned a level 2 spell: Blink
  9481 | D:8      | Noticed Maurice
  9482 | D:8      | Noticed Maurice
  9482 | D:8      | Maurice changed into Maurice the acid dragon
  9490 | D:8      | Killed Maurice the acid dragon
  9491 | D:8      | Reached skill level 5 in Fighting
  9878 | D:9      | Reached skill level 1 in Translocations
 10523 | D:9      | Noticed a deep elf pyromancer
 10547 | D:9      | Killed a deep elf pyromancer
 10548 | D:9      | Reached skill level 5 in Shields
 10719 | D:9      | Reached * piety under Qazlal
 10773 | D:9      | Noticed a two-headed ogre
 10787 | D:9      | Killed a two-headed ogre
 10788 | D:9      | Reached XP level 11. HP: 83/83 MP: 17/17
 10892 | D:10     | Entered Level 10 of the Dungeon
 11190 | D:10     | Found a portal to a secret trove of treasure.
 11249 | D:10     | Noticed a death yak
 11273 | D:10     | Killed a death yak
 11334 | D:10     | Found a staircase to the Lair.
 11355 | D:10     | Noticed a death yak
 11356 | D:10     | Noticed a death yak
 11469 | D:9      | Killed a death yak
 11470 | D:9      | Reached skill level 5 in Transmutations
 11663 | D:9      | Killed a death yak
 12193 | D:10     | Found a staircase to the Orcish Mines.
 12369 | D:10     | Noticed a centaur warrior
 13346 | D:11     | Noticed a manticore
 13403 | D:11     | Noticed a brown ugly thing
 13412 | D:11     | Killed a brown ugly thing
 13640 | D:11     | You fall into a shaft and drop 3 floors!
 13662 | D:14     | Noticed a manticore
 13671 | D:13     | Noticed a purple ugly thing
 13678 | D:13     | Noticed a centaur warrior
 13685 | D:13     | Noticed a deep elf pyromancer
 13685 | D:13     | Noticed a wizard
 13686 | D:13     | Noticed a skeletal warrior
 13687 | D:13     | Noticed a centaur warrior
 13689 | D:13     | Noticed a skeletal warrior
 13689 | D:13     | Noticed a skeletal warrior
 13690 | D:12     | Found Huromy's Armour Shop.
 13700 | D:12     | Noticed a deep elf pyromancer
 14062 | D:11     | Reached ** piety under Qazlal
 14099 | D:11     | Reached skill level 10 in Dodging
 14235 | D:11     | Reached XP level 12. HP: 80/92 MP: 18/18
 14955 | Lair:1   | Entered Level 1 of the Lair of Beasts
 15231 | Lair:1   | Noticed Amaemon
 15438 | Lair:1   | Noticed Grum
 15451 | Lair:1   | Killed Grum
 15794 | Lair:1   | Killed Amaemon
 15935 | Lair:1   | Found a large runed translucent door.
 15935 | Lair:1   | Found a large runed translucent door.
 15936 | Lair:1   | Noticed bnorton916's ghost (journeyman DEFE)
 16207 | Lair:2   | Reached skill level 5 in Translocations
 16513 | Lair:2   | Noticed a six-headed hydra
 16528 | Lair:2   | HP: 5/141 [13-headed hydra (7)]
 16528 | Lair:2   | Slain by a 13-headed hydra

Illustrated notes

Levels and vault maps discovered:
D:1:      noname_arrival_rooms_in_the_neighbourhood, layout_rooms,
          basic_ecumenical_altar, serial_shops, shop
D:2:      layout_basic, basic_altar
D:3:      cheibrodos_thug_alley, layout_rooms, serial_shops, shop_statue,
          minmay_misc_feat_iff
D:4:      layout_gridville, nicolae_tso_besieged_by_evil
D:5:      layout_basic, cheibrodos_sewer_entry_sluice, serial_shops, shop,
          grunt_ministairs_10
D:6:      layout_rooms, old_standard_altar, serial_shops, shop, uniq_edmund,
          uniq_duvessa
D:7:      layout_basic, minmay_temple_entry_nine_rooms, serial_shops,
          kennysheep_little_box, serial_co_window_serial, co_window_corner_a,
          co_window_paths_a, co_window_cross_1, co_window_of_opportunity_a,
          co_window_of_opportunity_a, co_window_corner_ca, co_window_broadway_b,
          co_window_of_opportunity_b, glass_columns_a, glass_columns_b,
          glass_columns_b, uniq_joseph
D:8:      layout_basic, minmay_increasing_density, uniq_psyche, uniq_maurice
D:9:      layout_cave_pods
D:10:     layout_stronghold, dpeg_lair_monsters, orc_0_dummy, enter_trove_0,
          minmay_radiant
D:11:     layout_roguey, serial_bayou_pond_b, minmay_orc_keep
D:12:     minmay_the_grid_square_5x5_4x4
          [minmay_the_grid_square_5x5_two_walls_b, minmay_the_grid_square_5x5_n,
          minmay_the_grid_square_5x5_half_checkered,
          minmay_the_grid_square_5x5_seven,
          minmay_the_grid_square_5x5_three_walls,
          minmay_the_grid_square_5x5_prize_monsterx,
          minmay_the_grid_square_5x5_prize_itemx,
          minmay_the_grid_square_5x5_mess,
          minmay_the_grid_square_5x5_inverted_slash,
          minmay_the_grid_square_5x5_prize_gold,
          minmay_the_grid_square_5x5_prize_rear_guard,
          minmay_the_grid_square_5x5_pentomino_r,
          minmay_the_grid_square_5x5_lines, minmay_the_grid_square_5x5_corner,
          minmay_the_grid_square_5x5_gyroscope, minmay_the_grid_square_5x5_two],
          layout_basic, serial_shops, nicolae_lakefront_shop,
          nicolae_square_shop, uniq_lodul
D:13:     layout_long_grid, serial_shops, bzr_entry_dummy,
          gauntlet_entry_generic, bh_hangedman_babel_library
D:14:     layout_loops_ring, grunt_vaults_entry_fortified, minmay_evil_grid
Temple:   mainiacjoe_temple_big_plus
Lair:1:   layout_chaotic_city, ebering_ghost_disaster_area, lemuel_fruit_fields,
          uniq_grum, uniq_amaemon
Lair:2:   layout_cave_pods, minmay_swamp_entry_swarm, beast_lair_carwin_10

Skill      XL: |  1  2  3  4  5  6  7  8  9 10 11 12 |
---------------+-------------------------------------+-----
Long Blades    | 4 5 6 8 9 11 13 14 | 14.0
Shields        | 2 5 6 7 |  7.6
Spellcasting   | 2 4 |  4.0
Transmutations | 4 6 7 |  7.7
Evocations     | 1 |  1.2
Fighting       | 4 6 8 |  8.7
Dodging        | 5 8 10 | 10.8
Translocations | 2 4 5 |  5.1
Throwing       | |  2.5

Action                   |  1- 3 |  4- 6 |  7- 9 | 10-12 || total
-------------------------+-------+-------+-------+-------++-------
Melee: Long sword        |    74 |   126 |   129 |       ||   329
       Falchion          |       |       |    42 |   419 ||   461
Throw: Stone             |     1 |     1 |     4 |     5 ||    11
       Javelin           |       |       |       |     4 ||     4
 Cast: Blink             |       |       |       |     1 ||     1
       Wereblood         |       |       |       |     1 ||     1
Evoke: Wand              |       |     3 |    15 |    26 ||    44
  Use: Scroll            |       |     4 |     5 |    18 ||    27
       Potion            |       |       |     1 |    14 ||    15
 Stab: Sleeping          |     1 |     2 |     4 |       ||     7
       Paralysed         |       |       |       |     2 ||     2
       Invisible         |       |       |       |    10 ||    10
Armor: Leather armour    |    26 |    33 |    15 |       ||    74
       Scale mail        |       |       |    27 |    78 ||   105
       Skin              |       |       |       |    19 ||    19
Dodge: Dodged            |    45 |    69 |    62 |   121 ||   297
Block: Kite shield       |       |    50 |    75 |   215 ||   340
